 Seeded DCSS version 0.27-a0-887-gcab673c142 (webtiles) character file.

Game seed: 20210403 (custom seed)

6290 muata the Nimble (level 10, 0/80 HPs)
             Began as a Djinni Hedge Wizard on Apr 3, 2021.
             Slain by a wolf (8 damage)
             ... led by Grum
             ... on level 6 of the Dungeon on Apr 4, 2021.
             The game lasted 01:18:07 (8228 turns).

muata the Nimble (Djinni Hedge Wizard)              Turns: 8228, Time: 01:18:07

Health: 0/80       AC:  4    Str: 10    XL:     10   Next: 94%
Gold:   351        EV: 16    Int: 18    God:
                   SH:  0    Dex: 13

rFire    + + .     SeeInvis .   n - +3 quarterstaff (chaos)
rCold    x . .     Faith    .   (shield currently unavailable)
rNeg     . . .     Spirit   .   D - +0 leather armour
rPois    ∞         Reflect  .   c - +0 hat
rElec    .         Harm     .   o - +0 cloak
rCorr    .         Rampage  .   (no gloves)
Will     +....                  (boots unavailable)
Stlth    ++........             l - amulet of regeneration
HPRegen  1.23/turn              w - ring of wizardry
MPRegen  0.00/turn              (no ring)

@: flying
A: fire resistance 2, cold vulnerability 1, float, innate caster, hp casting,
extra vitality 1
a: no special abilities


You were on level 6 of the Dungeon.
You visited 1 branch of the dungeon, and saw 8 of its levels.

You collected 351 gold pieces.

Inventory:

Hand Weapons
 a - a +0 dagger
 n - a +3 quarterstaff of chaos (weapon)
 p - a +3 short sword
Missiles
 v - 6 silver boomerangs
 y - a curare-tipped dart
Armour
 b - a +0 robe
 c - a +0 hat (worn)
 o - a +0 cloak (worn)
 D - a +0 leather armour (worn)
Magical Staves
 e - a staff of death
 i - a staff of fire
Jewellery
 l - an amulet of regeneration (around neck)
 w - a ring of wizardry (left hand)
Wands
 k - a wand of digging (5)
 C - a wand of flame (14)
Scrolls
 d - 4 scrolls of teleportation
 f - a scroll of blinking {unknown}
 m - 2 scrolls of amnesia
 q - 3 scrolls of vulnerability
 s - a scroll of enchant weapon {unknown}
 u - a scroll of fog
 z - a scroll of torment {unknown}
 B - 3 scrolls of immolation
Potions
 g - a potion of lignification {unknown}
 h - a potion of flight {unknown}
 j - 2 potions of haste
 t - 3 potions of might
 x - a potion of brilliance {unknown}
 A - a potion of curing
 E - a potion of invisibility {unknown}


   Skills:
 - Level 10.1 Fighting
 + Level 2.5 Staves
 - Level 10.5 Dodging
 - Level 1.5 Stealth
 + Level 7.0 Spellcasting


You had one spell level left.
You knew the following spells:

 Your Spells              Type           Power      Damage    Failure   Level
a - Magic Dart            Conj           100%       1d8       1%          1
b - Blink                 Tloc           N/A        N/A       1%          2
c - Call Imp              Summ           31%        N/A       1%          2
d - Slow                  Hex            31%        N/A       1%          2
e - Conjure Flame         Conj/Fire      31%        6-21      1%          3
f - Mephitic Cloud        Conj/Pois/Air  31%        N/A       1%          3
g - Freeze                Ice            100%       1d11      1%          1
h - Wereblood             Tmut           31%        N/A       1%          2
i - Ensorcelled Hibernat  Hex/Ice        62%        N/A       1%          2
j - Fulminant Prism       Conj/Hex       15%        3d11      3%          4
Your spell library was empty.

Dungeon Overview and Level Annotations

Branches:
Dungeon (8/15)             Temple (0/1) D:5
   Lair: D:8-11

Altars:
Cheibriados
Hepliaklqana
Kikubaaqudgha
Okawaru
Trog
Wu Jian

Shops:
D:4 (

Annotations:
D:6 2 transporters, Lobster4's ghost, novice HOBe
D:7 3 runed translucent doors, Zeld's ghost, novice MfTm
D:8 Grum


Innate Abilities, Weirdness & Mutations

You are immune to poison.
Your flesh is very heat resistant. (rF++)
You are vulnerable to cold. (rC-)
You float through the air rather than walking.
You learn spells naturally, not from books.
Your magical power is your life essence.
You have superior vitality. (+4 HP)


Message History

The wolf barely misses you.
Casting: Blink (safe; 1% risk of failure)
Confirm with . or Enter, or press ? or * to list all spells.
You blink.
* * * LOW HITPOINT WARNING * * *
Casting: Blink (safe; 1% risk of failure)
Confirm with . or Enter, or press ? or * to list all spells.
You blink.
* * * LOW HITPOINT WARNING * * *
The wolf closely misses you.
Casting: Blink (safe; 1% risk of failure)
Confirm with . or Enter, or press ? or * to list all spells.
You blink.
* * * LOW HITPOINT WARNING * * *
The wolf bites you but does no damage. The wolf bites you.
* * * LOW HITPOINT WARNING * * *
Casting: Blink (safe; 1% risk of failure)
Confirm with . or Enter, or press ? or * to list all spells.
You blink.
* * * LOW HITPOINT WARNING * * *
There is a stone staircase leading up here.
The wolf bites you.
* * * LOW HITPOINT WARNING * * *
The wolf barely misses you.
You fly upwards.
Level annotation: 2 transporters, Lobster4's ghost, novice HOBe
There is a stone staircase leading down here.
Casting: Blink (safe; 1% risk of failure)
Confirm with . or Enter, or press ? or * to list all spells.
You blink.
* * * LOW HITPOINT WARNING * * *
Casting: Blink (safe; 1% risk of failure)
Confirm with . or Enter, or press ? or * to list all spells.
A beastly little devil appears in a puff of flame.
* * * LOW HITPOINT WARNING * * *
The wolf bites you.
* * * LOW HITPOINT WARNING * * *
The wolf bites you!
You die...

.## ###.#.........©.....#.....###
..###.........###....#####......#
.......#......##.......#.###...##
.#...###...##....#..........####
##.#####...##...........##...#
#...##........##..###...#...##
.....#.......###..#........##
..............##.5........##
......###......h@........##
......###....##.........###
...##.)..>................#
.####......##.....[...)..## ###
###........######..#......###.##
##.........#.#.#...#)..).###...#
..........................#...##
##.###...)..#......#......))..#
...........##.............<)<.#


You could see a wolf (ally target) and a friendly crimson imp (summoned).

Vanquished Creatures
  2 two-headed ogres
  Pikel (D:7)
  An ugly thing (D:7)
  Psyche (D:7)
  A troll (D:7)
  A slime creature (D:7)
  2 steam dragons
  Duvessa (D:7)
  2 water moccasins
  2 sky beasts
  A black bear (D:6)
  2 ogres
  A phantom (D:5)
  4 centaurs
  3 lemures (D:7)
  A kobold brigand (D:6)
  2 bullfrogs
  Dowan (D:7)
  5 scorpions
  A water moccasin zombie (D:7)
  3 killer bees (D:8)
  2 electric eels (D:6)
  A jelly (D:7)
  7 wights
  3 howler monkeys (D:7)
  A centaur zombie (D:6)
  A bullfrog zombie (D:5)
  2 gnoll shamans (D:7)
  A hound (D:5)
  An orc priest (D:6)
  Crazy Yiuf (D:2)
  2 bullfrog skeletons (D:5)
  Jessica (D:2)
  3 iguanas
  6 orc wizards
  5 gnolls (D:7)
  5 adders
  A howler monkey skeleton (D:7)
  2 white imps
  A worm (D:2)
  2 dart slugs
  14 orcs
  8 endoplasms
  2 giant cockroaches (D:3)
  3 hobgoblins
  2 jackals (D:1)
  10 quokkas
  5 ball pythons
  7 bats
  6 frilled lizards
  2 goblins
  7 kobolds
  4 rats
  4 fulminant prisms
160 creatures vanquished.

Vanquished Creatures (collateral kills)
  A black bear (D:5)
  An ogre (D:4)
  A hound (D:6)
  An orc (D:4)
4 creatures vanquished.

Vanquished Creatures (others)
  An ice beast (D:7)
  64 fulminant prisms
65 creatures vanquished.

Grand Total: 229 creatures vanquished

Notes
Turn   | Place    | Note
-------+----------+-------------------------------------------
     0 | D:1      | muata the Djinni Hedge Wizard began the quest for the Orb.
     0 | D:1      | Reached XP level 1. HP: 15/15 MP: 0/0
   353 | D:1      | Reached XP level 2. HP: 19/22 MP: 0/0
   473 | D:1      | Reached skill level 1 in Fighting
  1361 | D:2      | Reached XP level 3. HP: 26/27 MP: 0/0
  1361 | D:2      | Learned a level 1 spell: Freeze
  1521 | D:2      | Noticed Jessica
  1534 | D:2      | Killed Jessica
  1711 | D:2      | Reached XP level 4. HP: 31/33 MP: 0/0
  2093 | D:2      | Found a runed translucent door.
  2094 | D:2      | Noticed Crazy Yiuf
  2109 | D:2      | HP: 1/34 [Crazy Yiuf/+3 quarterstaff of chaos (3)]
  2114 | D:2      | Killed Crazy Yiuf
  2245 | D:3      | Reached XP level 5. HP: 36/40 MP: 0/0
  2245 | D:3      | Learned a level 2 spell: Wereblood
  2250 | D:3      | Upgraded the game from 0.27-a0-869-g165b36e3f0 to
                  | 0.27-a0-887-gcab673c142
  3137 | D:4      | Found a snail-covered altar of Cheibriados.
  3432 | D:4      | Found an ornate altar of the Wu Jian Council.
  3433 | D:4      | Found a hazy altar of Hepliaklqana.
  3793 | D:4      | Found Heff's Antique Weapon Shoppe.
  3979 | D:5      | Entered Level 5 of the Dungeon
  3979 | D:5      | Noticed a black bear
  3990 | D:5      | Killed a black bear
  3991 | D:5      | Reached XP level 6. HP: 32/47 MP: 0/0
  4179 | D:5      | Found a bloodstained altar of Trog.
  4314 | D:4      | Reached skill level 5 in Spellcasting
  4314 | D:4      | Reached XP level 7. HP: 53/53 MP: 0/0
  4314 | D:4      | Learned a level 2 spell: Ensorcelled Hibernation
  4368 | D:5      | Reached skill level 5 in Fighting
  4845 | D:5      | Reached XP level 8. HP: 32/59 MP: 0/0
  4903 | D:5      | Found a staircase to the Ecumenical Temple.
  5307 | D:6      | Reached skill level 5 in Dodging
  5593 | D:6      | Found a transporter.
  5595 | D:6      | Noticed Lobster4's ghost (novice HOBe)
  5792 | D:6      | Found a transporter.
  5873 | D:6      | Reached XP level 9. HP: 61/65 MP: 0/0
  5873 | D:6      | Learned a level 4 spell: Fulminant Prism
  6040 | D:7      | Noticed a troll
  6066 | D:7      | Killed a troll
  6074 | D:7      | Noticed a two-headed ogre
  6106 | D:7      | Killed a two-headed ogre
  6107 | D:7      | Reached skill level 10 in Dodging
  6329 | D:7      | Found an iron altar of Okawaru.
  6382 | D:7      | Found a large runed translucent door.
  6384 | D:7      | Found a large runed translucent door.
  6432 | D:7      | Reached XP level 10. HP: 63/75 MP: 0/0
  6462 | D:7      | Noticed Duvessa
  6465 | D:7      | Noticed Dowan
  6480 | D:7      | Killed Duvessa
  6496 | D:7      | Killed Dowan
  6535 | D:7      | Noticed a purple ugly thing
  6796 | D:7      | Found a runed translucent door.
  6798 | D:7      | Noticed Zeld's ghost (novice MfTm)
  7037 | D:7      | Killed a purple ugly thing
  7620 | D:8      | Noticed Pikel
  7688 | D:7      | Killed Pikel
  7727 | D:8      | Noticed Psyche
  7729 | D:8      | Noticed Grum
  7850 | D:7      | Killed Psyche
  7851 | D:7      | Reached skill level 10 in Fighting
  7985 | D:8      | Noticed a two-headed ogre
  7992 | D:8      | Reached skill level 1 in Staves
  8111 | D:8      | Killed a two-headed ogre
  8204 | D:8      | HP: 3/80 [Grum/+0 vorpal spear (4)]
  8205 | D:8      | HP: 1/80 [wolf[Grum] (3)]
  8228 | D:6      | Slain by a wolf

Illustrated notes

Levels and vault maps discovered:
D:1:      dpeg_arrival_pond, layout_basic, serial_glass, glass_columns_a,
          glass_columns_a, glass_columns_b, glass_columns_b, glass_columns_c,
          glass_columns_b, glass_columns_a, glass_columns_a
D:2:      layout_rooms, wad_floor_pattern_1,
          wander_ebering_terrifying_dragon_lair, uniq_crazy_yiuf_cottage,
          uniq_jessica
D:3:      layout_basic, hangedman_glass_teeth
D:4:      layout_loops_corners, nicolae_overflow_crystal_walls, minitemple,
          serial_shops, shop, minmay_misc_feat_encased
D:5:      layout_rooms, lemuel_doored_altar, minmay_temple_entry_poolview
D:6:      layout_cave_pools, gammafunk_ghost_arena, minivault_14,
          hangedman_abyss_or_decor_lesser_grid
D:7:      layout_basic, okawaru_trees_2, marbit_many_paths,
          jmf_multi_god_temple2, ebering_ghost_reflecting_pool, kb_rosetta,
          uniq_duvessa
D:8:      layout_cave_pools, grunt_gozag_breadcrumbs, erik_lair_dragon,
          uniq_psyche, uniq_grum, uniq_pikel

Skill      XL: |  1  2  3  4  5  6  7  8  9 10 |
---------------+-------------------------------+-----
Fighting       | 1 2 3 4 5 7 10 | 10.1
Spellcasting   | 3 4 5 6 7 |  7.0
Dodging        | 8 10 | 10.5
Staves         | 2 |  2.5
Stealth        | |  1.5

Action                   |  1- 3 |  4- 6 |  7- 9 | 10-12 || total
-------------------------+-------+-------+-------+-------++-------
Melee: Staff             |     4 |     9 |       |       ||    13
       Quarterstaff      |       |    23 |    78 |    21 ||   122
       Unarmed           |       |       |       |     2 ||     2
 Cast: Magic Dart        |    65 |   125 |   191 |    54 ||   435
       Call Imp          |       |     6 |     7 |     4 ||    17
       Wereblood         |       |     1 |     4 |     2 ||     7
       Blink             |       |    10 |    21 |    23 ||    54
       Slow              |       |     3 |    14 |    19 ||    36
       Mephitic Cloud    |       |       |    12 |     5 ||    17
       Conjure Flame     |       |       |    10 |     9 ||    19
       Freeze            |       |       |     1 |     2 ||     3
       Fulminant Prism   |       |       |    26 |    42 ||    68
       Ensorcelled Hiber |       |       |       |     3 ||     3
  Use: Scroll            |       |       |       |     7 ||     7
       Potion            |       |       |       |     1 ||     1
 Stab: Sleeping          |       |     1 |       |       ||     1
Armor: Robe              |     4 |    17 |    21 |       ||    42
       Leather armour    |       |       |       |     6 ||     6
Dodge: Dodged            |     8 |    43 |   102 |    84 ||   237

Table legend: (Time is in decaauts)
 A = Elapsed time spent in this place.
 B = Non-inter-level travel time spent in this place.
 C = Inter-level travel time spent in this place.
 D = Time resting spent in this place.
 E = Time spent auto-exploring this place.
 F = Levels seen in this place.
 G = Mean time per level.
                   A        B        C        D        E       F      G
               +--------+--------+--------+--------+--------+-----+--------+
         Total |   8235 |   7563 |    672 |    618 |   3960 |   8 | 1029.4 |
       Dungeon |   8235 |   7563 |    672 |    618 |   3960 |   8 | 1029.4 |
               +--------+--------+--------+--------+--------+-----+--------+

Top non-repeatable levels by time:
     D:7: 1885 daAuts
     D:1: 1333 daAuts
     D:5: 1079 daAuts
     D:4: 1030 daAuts
     D:3: 905 daAuts
     D:2: 882 daAuts
     D:6: 815 daAuts
     D:8: 303 daAuts
